 Dungeon Crawl Stone Soup version 0.24.0-37-gcf1ca852f1 (webtiles) character file.

Game seed: 8313745899409356800, levelgen mode: deterministic

55 Kobolds4U the Conjurer (level 3, -1/20 HPs)
             Began as a Deep Elf Conjurer on Dec 7, 2019.
             Slain by an adder (3 damage)
             ... on level 2 of the Dungeon.
             The game lasted 00:05:56 (1671 turns).

Kobolds4U the Conjurer (Deep Elf Conjurer)          Turns: 1671, Time: 00:05:58

Health: -1/20      AC:  2    Str:  6    XL:     3   Next: 67%
Magic:  1/10       EV: 13    Int: 19    God:
Gold:   58         SH:  0    Dex: 15    Spells: 7/10 levels left

rFire    . . .     SeeInvis .   h - +1 dagger
rCold    . . .     Gourm    .   (no shield)
rNeg     . . .     Faith    .   a - +0 robe
rPois    .         Spirit   .   (no helmet)
rElec    .         Reflect  .   (no cloak)
rCorr    .         Harm     .   (no gloves)
MR       .....                  (no boots)
Stlth    ++........             (no amulet)
HPRegen  0.06/turn              (no ring)
MPRegen  0.12/turn              (no ring)

@: lethally poisoned (-1 -> -5), very slightly contaminated, invisible
A: no striking features
a: no special abilities


You were on level 2 of the Dungeon.
You were very hungry.

You visited 1 branch of the dungeon, and saw 2 of its levels.

You collected 58 gold pieces.

Inventory:

Hand Weapons
 e - a +0 short sword
 h - a +1 dagger (weapon)
Armour
 a - a +0 robe (worn)
Scrolls
 b - 2 scrolls of identify {unknown}
 f - 2 scrolls of enchant weapon
 g - 2 scrolls of random uselessness
 i - a scroll of magic mapping {unknown}
 j - 2 scrolls of remove curse {unknown}
 k - 2 scrolls of teleportation {unknown}
Potions
 d - a potion of invisibility
Comestibles
 c - 3 rations


   Skills:
 + Level 1.6 Fighting
 + Level 1.1 Short Blades
 - Level 2.4 Dodging
 - Level 2.4 Stealth
 + Level 4.2 Spellcasting
 - Level 4.3 Conjurations


You had 7 spell levels left.
You knew the following spells:

 Your Spells              Type           Power        Failure   Level  Hunger
a - Magic Dart            Conj           ###.         2%          1    None
b - Searing Ray           Conj           ###...       3%          2    #......

Your spell library contained the following spells:

 Spells                   Type           Power        Failure   Level  Hunger
 Dazzling Spray           Conj/Hex       ##....       16%         3    ###....
 Iskenderun's Mystic Bla  Conj           ###.....     22%         4    ####...
 Force Lance              Conj/Tloc      ##......     47%         4    ####...
 Fulminant Prism          Conj/Hex       ##........   47%         4    ####...


Dungeon Overview and Level Annotations

Branches:
Dungeon (2/15)

Altars:


Message History

* * * LOW HITPOINT WARNING * * *
* * * LOW HITPOINT WARNING * * *
You feel sick.
It was a potion of invisibility.
You fade into invisibility!
The adder bites you.
* * * LOW HITPOINT WARNING * * *
You are very lightly contaminated with residual magic.
As you read the scroll labeled PEZIEF OZAI, it crumbles to dust.
It is a scroll of enchant weapon.
Your +0 dagger glows red for a moment.
The adder barely misses you. The adder misses you.
As you read the scroll labeled XUP TYIKUCUO, it crumbles to dust.
You hear a lullaby played backwards.
It was a scroll of random uselessness.
* * * LOW HITPOINT WARNING * * *
You feel sick.
The kobold throws a stone.
The stone completely misses the adder.
The stone misses you. The adder bites you.
You die...

############
#.........(#
#.####..##.#
#.####..##.# #####
#.....(..#@# #....
#.##.#...#S#
#######....
#.##.#...#K#
#.......###
#.........(#
#.#####..##
#.#####...## #.#
#...#
#...>.....#######.#
#.8.#
########..........#
##...# ##.#########
#...## #.# #..###


You could see an adder and a kobold.

Vanquished Creatures
  An adder (D:2)
  2 oozes (D:2)
  A worm (D:2)
  A dart slug (D:2)
  An orc (D:2)
  2 ball pythons
  A giant cockroach (D:1)
  3 goblins (D:1)
  4 hobgoblins (D:1)
  5 bats
  A frilled lizard (D:1)
  8 kobolds
  4 rats (D:1)
34 creatures vanquished.

Notes
Turn   | Place    | Note
-------+----------+-------------------------------------------
     0 | D:1      | Kobolds4U the Deep Elf Conjurer began the quest for the
                  | Orb.
     0 | D:1      | Reached XP level 1. HP: 10/10 MP: 6/6
   301 | D:1      | Reached XP level 2. HP: 16/16 MP: 3/8
   308 | D:1      | Learned a level 2 spell: Searing Ray
   409 | D:1      | Reached skill level 1 in Fighting
  1386 | D:2      | Reached XP level 3. HP: 20/20 MP: 8/10
  1525 | D:2      | Reached skill level 1 in Short Blades
  1671 | D:2      | Slain by an adder

Levels and vault maps discovered:
D:1:      sevenhm_arrival_forest_fort_large_2, layout_basic
D:2:      layout_loops_cross, mrwooster_statue_mirror, minmay_hexomino_c4

Skill      XL: |  1  2  3 |
---------------+----------+-----
Fighting       | 1 |  1.6
Spellcasting   | 4 |  4.2
Short Blades   | 1 |  1.1
Dodging        | |  2.4
Stealth        | |  2.4
Conjurations   | |  4.3

Action                   || total
-------------------------++-------
Melee: Dagger            ||     9
       Short sword       ||     1
 Cast: Magic Dart        ||    53
       Searing Ray       ||     2
  Use: Scroll            ||     2
       Potion            ||     1
 Stab: Sleeping          ||     4
  Eat: Chunk             ||     1
Armor: Robe              ||     2
Dodge: Dodged            ||    24
